 Dungeon Crawl Stone Soup version 0.29-a0-284-gf9362112df (webtiles) character file.

Game seed: 14350406357377372136

94 spaghetti the Ducker (level 4, -3/31 HPs)
             Began as an Octopode Chaos Knight on Mar 22, 2022.
             Was a Plaything of Xom.
             Slain by a gnoll
             ... wielding a +0 spear
              (4 damage)
             ... on level 3 of the Dungeon.
             The game lasted 00:03:21 (1977 turns).

spaghetti the Ducker (Octopode Chaos Knight)        Turns: 1977, Time: 00:03:21

Health: -3/31      AC:  1    Str: 13    XL:     4   Next: 63%
Magic:  4/4        EV: 14    Int: 12    God:    Xom [.....*]
Gold:   76         SH:  0    Dex: 13    Spells: 3/3 levels left

rFire   . . .      SeeInvis .   f - +1 dagger (venom) {short}
rCold   . . .      Faith    .   (no shield)
rNeg    . . .      Spirit   .   (helmet restricted)
rPois   .          Reflect  .   h - amulet of the acrobat
rElec   .          Harm     .   (no ring)
rCorr   .          Rampage  .   (no ring)
Will    .....                   (no ring)
Stlth   ++........              (no ring)
HPRegen 0.10/turn               (no ring)
MPRegen 0.09/turn               (no ring)
                                (no ring)
                                (no ring)

@: unable to read
A: almost no armour, amphibious, 8 rings, camouflage 1, gelatinous body 1,
(nimble swimmer 1), tentacles, dopey 1, strong 1, inability to read while
threatened
a: Renounce Religion


You were on level 3 of the Dungeon.
You worshipped Xom.
You were Xom's teddy bear.
You visited 1 branch of the dungeon, and saw 3 of its levels.

You collected 76 gold pieces.


Innate Abilities, Weirdness & Mutations

You cannot wear most types of armour.
You are amphibious.
You can wear up to eight rings at the same time.
Your skin changes colour to match your surroundings (Stealth+).
Your rubbery body absorbs attacks. (AC +1, EV +1)
((You are camouflaged when in or above water. (Stealth+)))
You have tentacles for arms and can constrict up to eight enemies at once.
You are dopey. (Int -2)
Your muscles are strong. (Str +2)
You sometimes lose the ability to read scrolls when taking damage.


   Skills:
 - Level 3.0 Fighting
 + Level 3.0(3.6) Short Blades
 - Level 3.0(3.6) Long Blades
 - Level 3.6 Dodging


You had 3 spell levels left.
You didn't know any spells.
Your spell library contained the following spells:

 Spells                   Type           Power      Damage    Failure   Level
 Olgreb's Toxic Radiance  Pois           0%         N/A       97%         4
 Ozocubu's Refrigeration  Ice            0%         4d5       100%        7
 Ignition                 Fire           0%         3d3       100%        8

Inventory:

Hand Weapons
 a - a +0 falchion of chaos {long}
 e - a +0 rapier {short}
   (You found it on level 1 of the Dungeon)
 f - a +1 dagger of venom (weapon) {short}
   (You took it off a kobold on level 1 of the Dungeon)
Missiles
 d - 13 stones (quivered) {throwing}
Jewellery
 h - an amulet of the acrobat (around mantle)
   (You found it on level 2 of the Dungeon)
Scrolls
 c - 3 scrolls of identify {unknown}
 g - a scroll of enchant armour {unknown}
Miscellaneous
 b - a piece from Xom's chessboard (13/15)

Dungeon Overview and Level Annotations

Branches:
Dungeon (3/15)

Altars:

#..............
#.....gg#######
#.......# ##.####b#
#.# #.# #.####.#
#......##########
...########.(........#
..............g@..#.#
########.#....^{..<..#
.......#.###.#########
######.#.# #.....)...
...# #.#.# ##########
#..# #.#.# #..###.#.#
#......#.# #.....<#.#


You could see a gnoll (very poisoned).


Message History

The stone {throwing} closely misses the gnoll.
The stone {throwing} hits the gnoll.
You hit the gnoll but do no damage. Your grab misses the gnoll.
You squeeze the gnoll. The gnoll hits you with a +0 flail!
A shower of butterflies erupts from you!
A gnoll comes into view. It is wielding a +0 whip.
You are too injured to fight recklessly! 😮 HP[-12]
You take 12 damage, and now have 19/31 hp.
MASSIVE DAMAGE!! (PAUSE)
You barely miss the gnoll. Your grab misses the gnoll.
Your tentacle-slap misses the gnoll.
You hit the gnoll but do no damage.
The gnoll is poisoned.
Your grab misses the gnoll. The gnoll misses you.
The gnoll closely misses your butterfly.
You hit the gnoll. You grab the gnoll. You constrict the gnoll.
The gnoll hits you with a +0 flail!
* * * LOW HITPOINT WARNING * * *
The gnoll completely misses your butterfly. 😱 HP[-14]
You take 14 damage, and now have 5/31 hp.
MASSIVE DAMAGE!! (PAUSE)
You hit the gnoll but do no damage.
The gnoll looks even sicker.
You constrict the gnoll, but do no damage.
You kill the gnoll!
The gnoll closely misses your butterfly.
Your Short Blades skill increases to level 3! 😱 HP[+1]
The gnoll completely misses your butterfly.
The gnoll misses your butterfly.
The gnoll closely misses your butterfly.
The gnoll barely misses your butterfly.
The gnoll hits your butterfly with a +0 whip!
Your butterfly dies!
Your butterfly disappears in a puff of smoke! 😱 HP[+1]
There is a stone staircase leading up here.
You climb upwards.
There is a stone staircase leading down here.
Unknown command.
Unknown command.
You start resting. "You need some minor improvements, mortal!"
Your body is suffused with distortional energy.
You lose the ability to read scrolls when threatened.
You feel more energetic. 😨 HP[+2]
You regained 2 hp, and now have 9/31 hp.
You start resting. 😨 HP[+1] MP[+1]
Your mp is fully restored (4).
Unknown command.
Unknown command.
You start resting. 😎 HP[+21]
Your hp is fully restored (31).
You climb downwards.
There is a stone staircase leading up here.
A gnoll is nearby!
You throw a stone {throwing}.
The stone {throwing} hits the gnoll but does no damage.
The gnoll completely misses you. "This might be better!"
The gnoll flickers and vanishes!
Deactivating autopickup; reactivate with Ctrl-A.
You are now Xom's teddy bear.
Something hits you. 😕 HP[-6]
You take 6 damage, and now have 25/31 hp.
You miss something. You hit something. Something hits you.
You feel threatened and lose the ability to read scrolls! 😮 HP[-6]
You take 6 damage, and now have 19/31 hp.
You barely miss the gnoll. Your grab misses the gnoll.
You squeeze the gnoll, but do no damage.
The gnoll closely misses you. Something hits you.
* * * LOW HITPOINT WARNING * * *
😨 HP[-5]
You take 5 damage, and now have 14/31 hp.
Unknown command.
You hit the gnoll. You grab the gnoll. You constrict the gnoll.
The gnoll barely misses you. Something closely misses you.
You hit something.
You constrict the gnoll, but do no damage.
Something hits you.
* * * LOW HITPOINT WARNING * * *
The gnoll closely misses you.
You hit something but do no damage.
You constrict the gnoll, but do no damage.
You closely miss something. You constrict the gnoll.
Something barely misses you. The gnoll hits you with a +0 whip.
* * * LOW HITPOINT WARNING * * *
😨 HP[-6]
You take 6 damage, and now have 8/31 hp.
You hit the gnoll but do no damage.
The gnoll is poisoned.
You constrict the gnoll. The gnoll hits you with a +0 whip!
* * * LOW HITPOINT WARNING * * *
Something hits you.
You die...

Skill      XL: |  1  2  3  4 |
---------------+-------------+-----
Dodging        | 3 |  3.6
Short Blades   | 2 3 |  3.0
Fighting       | |  3.0
Long Blades    | |  3.0

Action                   |  1- 3 |  4- 6 || total
-------------------------+-------+-------++-------
Melee: Falchion          |    16 |       ||    16
       Tentacles         |    16 |     7 ||    23
       Constrict         |    15 |    12 ||    27
       Punch             |     2 |       ||     2
       Rapier            |    11 |       ||    11
       Dagger            |    36 |    42 ||    78
Throw: Stone             |    32 |    33 ||    65
Evoke: Piece from Xom's  |     5 |       ||     5
  Use: Potion            |       |     3 ||     3
 Stab: Sleeping          |     3 |       ||     3
Armor: Skin              |     6 |     1 ||     7
Dodge: Dodged            |    46 |    33 ||    79

Levels and vault maps discovered:
D:1:      lemuel_arrival_lava_pool, layout_basic
D:2:      layout_rooms
D:3:      layout_basic, uniq_natasha

Notes
Turn   | Place    | Note
-------+----------+-------------------------------------------
     0 | D:1      | spaghetti the Octopode Chaos Knight began the quest for the
                  | Orb.
     0 | D:1      | Reached XP level 1. HP: 16/16 MP: 1/1
     0 | D:1      | magus.rc [v1.9.6]
    97 | D:1      | XOM: silly message
   137 | D:1      | XOM: divination: magic mapping
   252 | D:1      | XOM: silly message
   327 | D:1      | Reached skill level 3 in Dodging
   327 | D:1      | Reached XP level 2. HP: 21/21 MP: 2/2
   452 | D:1      | Reached XP level 3. HP: 25/26 MP: 3/3
   525 | D:1      | Reached skill level 1 in Short Blades
   995 | D:2      | Reached skill level 2 in Short Blades
  1244 | D:2      | Reached XP level 4. HP: 28/31 MP: 4/4
  1296 | D:2      | You add the spells Olgreb's Toxic Radiance, Ozocubu's
                  | Refrigeration and Ignition to your library.
  1480 | D:2      | XOM: silly message
  1584 | D:2      | XOM: give mutations
  1584 | D:2      | Gained mutation: You are frail. (-10% HP) [Xom's mischief]
  1584 | D:2      | Gained mutation: You are somewhat resistant to further
                  | mutation. [Xom's mischief]
  1585 | D:2      | Lost mutation: You are frail. (-10% HP) [potion of
                  | mutation]
  1585 | D:2      | Lost mutation: You are somewhat resistant to further
                  | mutation. [potion of mutation]
  1585 | D:2      | Gained mutation: Your muscles are strong. (Str +2) [potion
                  | of mutation]
  1585 | D:2      | Gained mutation: Your magical capacity is low. (-10% MP)
                  | [potion of mutation]
  1585 | D:2      | Gained mutation: You are dopey. (Int -2) [potion of
                  | mutation]
  1710 | D:3      | XOM: butterfly on damage
  1713 | D:3      | HP: 5/31 [gnoll/+0 flail (14)]
  1715 | D:3      | Reached skill level 3 in Short Blades
  1751 | D:2      | XOM: give mutations
  1751 | D:2      | Gained mutation: You sometimes lose the ability to read
                  | scrolls when taking damage. [Xom's mischief]
  1751 | D:2      | Lost mutation: Your magical capacity is low. (-10% MP)
                  | [Xom's mischief]
  1969 | D:3      | XOM: enchant monster (bad)
  1977 | D:3      | HP: 1/31 [gnoll/+0 whip (7)]
  1977 | D:3      | Slain by a gnoll

Vanquished Creatures
  2 adders (D:2)
  2 gnolls
  2 worms (D:2)
  A dart slug (D:2)
  5 endoplasms
  A giant cockroach (D:3)
  2 goblins
  6 hobgoblins
  7 kobolds
  7 quokkas
  3 ball pythons (D:2)
  5 bats
  2 frilled lizards (D:1)
  2 rats
47 creatures vanquished.

Table legend:
 A = Non-vault XP
 B = Vault XP
 C = Vault XP percentage of total XP
 D = Non-vault monster count
 E = Vault monster count
 F = Vault count percentage of total count
                 A         B        C        D         E       F
            +---------+---------+-------+---------+---------+-------
      Total |     135 |       0 |   0.0 |      47 |       0 |   0.0
            +---------+---------+-------+---------+---------+-------
        D:1 |      50 |       0 |   0.0 |      23 |       0 |   0.0
        D:2 |      67 |       0 |   0.0 |      21 |       0 |   0.0
        D:3 |      18 |       0 |   0.0 |       3 |       0 |   0.0
            +---------+---------+-------+---------+---------+-------

Illustrated notes

Table legend:
 A = Kills in this place as a percentage of kills in entire the game.
 B = Kills by you in this place as a percentage of kills by you in the entire game.
 C = Kills by friends in this place as a percentage of kills by friends in the entire game.
 D = Other kills in this place as a percentage of other kills in the entire game.
 E = Experience gained in this place as a percentage of experience gained in the entire game.
 F = Experience gained in this place divided by the number of levels of this place that you have seen.
                   A       B       C       D       E      F
               +-------+-------+-------+-------+-------+----------------------
         Total | 100.0 | 100.0 |   N/A |   N/A | 100.0 |  45.0
       Dungeon | 100.0 | 100.0 |   N/A |   N/A | 100.0 |  45.0
               +-------+-------+-------+-------+-------+----------------------

Table legend: (Time is in decaauts)
 A = Elapsed time spent in this place.
 B = Non-inter-level travel time spent in this place.
 C = Inter-level travel time spent in this place.
 D = Time resting spent in this place.
 E = Time spent auto-exploring this place.
 F = Levels seen in this place.
 G = Mean time per level.
                   A        B        C        D        E       F      G
               +--------+--------+--------+--------+--------+-----+--------+
         Total |   1977 |   1914 |     63 |    576 |    976 |   3 |  659.0 |
       Dungeon |   1977 |   1914 |     63 |    576 |    976 |   3 |  659.0 |
               +--------+--------+--------+--------+--------+-----+--------+

Top non-repeatable levels by time:
     D:2: 874 daAuts
     D:1: 809 daAuts
     D:3: 293 daAuts
